 Dungeon Crawl Stone Soup version 0.16-a0-922-gae79c9c (webtiles) character file.

2117 Ololoev the Basher (level 9, -10/77 (80) HPs)
             Began as an Ogre Hunter on Sept 30, 2014.
             Was an Initiate of Okawaru.
             Mangled by a wyvern (20 damage)
             ... on Level 7 of the Dungeon.
             The game lasted 00:28:40 (10295 turns).

Ololoev the Basher (Ogre Hunter)                   Turns: 10295, Time: 00:28:40

HP -10/77 (80)   AC  3     Str 19      XL: 9   Next: 29%
MP   9/9         EV 10     Int 10      God: Okawaru [......]
Gold 395         SH  0     Dex 13      Spells:  0 memorised,  8 levels left

rFire  x . .     SeeInvis .     s - +0 morningstar
rCold  + . .     Clarity  .     d - +0 animal skin
rNeg   . . .     rCorr    .     (shield restricted)
rPois  .         rRot     .     (helmet restricted)
rElec  .         Spirit   .     (no cloak)
SustAb .         Warding  .     (gloves unavailable)
rMut   .         Stasis   .     (boots unavailable)
Gourm  .                        (no amulet)
MR     .....                    (no ring)
                                v - ring of ice

@: drained, not resistant to hostile enchantments, very unstealthy
A: unfitting armour, tough skin 1
a: Renounce Religion


You were on level 7 of the Dungeon.
You worshipped Okawaru.
Okawaru was noncommittal.
You were not hungry.

You visited 2 branches of the dungeon, and saw 8 of its levels.
You also visited: Sewer.

You collected 395 gold pieces.

Inventory:

Hand weapons
 s - a +0 morningstar (weapon)
Missiles
 o - 6 javelins (quivered)
Armour
 d - a +0 animal skin (worn)
Magical devices
 a - a wand of flame (13)
 i - a wand of slowing (12)
 r - a wand of magic darts (9)
Comestibles
 c - 2 chunks of orc flesh
 f - 5 meat rations
 q - 3 bread rations
 w - 5 fruits
Scrolls
 e - a scroll of blinking
 g - a scroll of magic mapping {unknown}
 k - 2 scrolls of enchant weapon {unknown}
 l - 2 scrolls of teleportation
 p - 4 scrolls of remove curse
 t - 2 scrolls of recharging
 u - 3 scrolls of fear {unknown}
Jewellery
 v - a ring of ice (left hand)
Potions
 h - 2 potions of heal wounds
 j - 2 potions of resistance
 m - 4 potions of flight
 n - 3 potions of curing
 x - a potion of haste {unknown}


   Skills:
 - Level 2.6(2.2) Fighting
 * Level 13.0(12.3) Maces & Flails
 - Level 8.0(7.5) Throwing
 - Level 1.7(1.3) Dodging
 - Level 0.7(0.2) Stealth


You had 8 spell levels left.
You didn't know any spells.

Dungeon Overview and Level Annotations

Branches:
Dungeon (7/15)             Temple (1/1) D:4

Altars:
Ashenzari
Cheibriados
Dithmenos
Elyvilon
Fedhas
Gozag
Kikubaaqudgha
Makhleb
Nemelex Xobeh
Okawaru
Qazlal
Ru
Sif Muna
Trog
Vehumet
Xom
Yredelemnul
Zin
The Shining One


Innate Abilities, Weirdness & Mutations

You are too large for most types of armour.
You have tough skin (AC +1).


Message History

You are too injured to fight recklessly!
You are too injured to fight recklessly!
You are too injured to fight recklessly!
You are too injured to fight recklessly!
You are too injured to fight recklessly!
You are too injured to fight recklessly!
You are too injured to fight recklessly!
You are too injured to fight recklessly!
You are too injured to fight recklessly!
You are too injured to fight recklessly!
You are too injured to fight recklessly!
You are too injured to fight recklessly!
You barely miss the wyvern.
The wyvern is moderately wounded.
The wyvern bites you!
* * * LOW HITPOINT WARNING * * *
You puncture the wyvern!
The wyvern is severely wounded.
The wyvern bites you!!
You die...

..# #.#.##.# # #..##
..####.#....# .. ##.#.##
.....#(###### #.
##.###.### .........# #.
#)## ##... ..#####..# #(
###..###.### .........#
#. #.....#..# ..#####.##
#( #.#.##...###
..###...#######D###
#.#.###.....
................@.#
#.#.# #.####
####..#########.#.#
#.#.# #.# #..# #.#.#
#.#.# #.# ####..#
#.#>####.#.###.####
.....)#
#.#..............).
.....)#
##.######.##########
####..#######..........#
#..)....[....######.#
######
#..######<..#######.#
#.....


You could see a wyvern.

Vanquished Creatures
  Grinder (D:3)
  A hippogriff (D:7)
  3 ogres (D:5)
  A necrophage (D:7)
  4 sky beasts
  A phantom (D:4)
  A giant frog (D:6)
  A scorpion (D:7)
  A giant frog zombie (D:5)
  A hound (D:3)
  A crimson imp (D:5)
  A jelly (D:5)
  3 iguanas
  3 orc wizards
  A giant frog skeleton (D:6)
  3 orc priests
  5 worker ants
  An ogre zombie (D:7)
  A worker ant zombie (D:4)
  7 adders
  3 gnolls (D:4)
  3 shadow imps
  2 giant mites
  6 worms
  An orc zombie (D:7)
  An iguana skeleton (D:7)
  11 giant geckos
  6 oozes
  20 orcs
  2 ball pythons
  16 bats
  A bat zombie (D:5)
  14 hobgoblins
  8 jackals
  12 kobolds
  5 quokkas
  10 giant cockroaches
  A giant gecko zombie (D:6)
  8 giant newts
  A gnoll skeleton (D:4)
  10 goblins
  A hobgoblin skeleton (D:7)
  2 orc skeletons
  A quokka zombie (D:7)
  40 rats
  A rat skeleton (D:4)
227 creatures vanquished.

Notes
Turn   | Place    | Note
--------------------------------------------------------------
     0 | D:1      | Ololoev, the Ogre Hunter, began the quest for the Orb.
     0 | D:1      | Reached XP level 1. HP: 22/22 MP: 1/1
   360 | D:1      | Reached XP level 2. HP: 29/29 MP: 2/2
  1101 | D:2      | Reached XP level 3. HP: 27/36 MP: 3/3
  1787 | D:2      | Reached XP level 4. HP: 35/44 MP: 4/4
  1896 | D:3      | Reached skill level 5 in Throwing
  2283 | D:3      | Reached skill level 5 in Maces & Flails
  2400 | D:3      | Found a shadowy altar of Dithmenos.
  2525 | D:3      | Reached XP level 5. HP: 30/50 MP: 5/5
  3697 | D:3      | Noticed Grinder
  3719 | D:3      | Killed Grinder
  3719 | D:3      | Reached skill level 7 in Maces & Flails
  3719 | D:3      | Reached XP level 6. HP: 17/59 MP: 6/6
  4083 | D:4      | Found a bloodstained altar of Trog.
  4185 | D:4      | Reached XP level 7. HP: 66/66 MP: 7/7
  4268 | D:4      | Found a glowing drain.
  4277 | Sewer    | Entered a sewer
  4405 | Sewer    | Reached skill level 8 in Maces & Flails
  5566 | D:4      | Gained mutation: You have difficulty communicating with the divine. [potion of mutation]
  5566 | D:4      | Gained mutation: Your spells are a little easier to cast, but a little less powerful. [potion of mutation]
  5566 | D:4      | Gained mutation: Armour fits poorly on your strangely shaped body. [potion of mutation]
  5836 | D:4      | Reached skill level 9 in Maces & Flails
  5856 | D:4      | Found a staircase to the Ecumenical Temple.
  5862 | Temple   | Entered the Ecumenical Temple
  6447 | D:5      | Entered Level 5 of the Dungeon
  6457 | D:5      | Reached XP level 8. HP: 74/74 MP: 8/8
  6554 | D:5      | Found a burning altar of Makhleb.
  6614 | D:5      | Reached skill level 10 in Maces & Flails
  6752 | D:5      | Lost mutation: Your spells are a little easier to cast, but a little less powerful. [potion of cure mutation]
  6752 | D:5      | Lost mutation: Armour fits poorly on your strangely shaped body. [potion of cure mutation]
  6752 | D:5      | Lost mutation: You have difficulty communicating with the divine. [potion of cure mutation]
  7089 | D:5      | Found an iron altar of Okawaru.
  7097 | D:5      | Became a worshipper of Warmaster Okawaru
  7241 | D:5      | Found an opulent altar of Gozag.
  7242 | D:5      | Found a glowing silver altar of Zin.
  7338 | D:5      | Found a deep blue altar of Sif Muna.
  7339 | D:5      | Found a bloodstained altar of Trog.
  7339 | D:5      | Found an ancient bone altar of Kikubaaqudgha.
  7743 | D:6      | Reached skill level 11 in Maces & Flails
  7994 | D:6      | Found a blossoming altar of Fedhas.
  7998 | D:6      | Found a shattered altar of Ashenzari.
  9289 | D:7      | Found a sparkling altar of Nemelex Xobeh.
  9364 | D:7      | Reached XP level 9. HP: 80/80 MP: 9/9
  9439 | D:7      | Reached skill level 12 in Maces & Flails
 10182 | D:7      | Reached skill level 13 in Maces & Flails
 10295 | D:7      | Mangled by a wyvern

Action                   |  1- 3 |  4- 6 |  7- 9 || total
-------------------------+-------+-------+-------++-------
Melee: Club              |   103 |       |       ||   103
       Mace              |    24 |   233 |   299 ||   556
       Morningstar       |       |       |   117 ||   117
Throw: Large rock        |       |    12 |    50 ||    62
       Throwing net      |       |       |     5 ||     5
Evoke: Wand              |     5 |     5 |     3 ||    13
  Use: Scroll            |       |     8 |     6 ||    14
       Potion            |       |       |     7 ||     7
 Stab: Sleeping          |       |     2 |     4 ||     6
  Eat: Chunk             |     3 |     8 |    16 ||    27
       Fruit             |       |       |     1 ||     1
       Pizza             |       |       |     1 ||     1
       Beef jerky        |       |       |     1 ||     1
